 Dungeon Crawl Stone Soup version 0.22.1-1-ga44c0e5 (webtiles) character file.

455 Kagorn the Skirmisher (level 7, -6/78 HPs)
             Began as an Ogre Berserker on Oct 15, 2018.
             Was a Priest of Trog.
             Mangled by an iguana (13 damage)
             ... on level 5 of the Dungeon.
             The game lasted 00:20:06 (4133 turns).

Kagorn the Skirmisher (Ogre Berserker)              Turns: 4133, Time: 00:20:31

Health: -6/78      AC:  5    Str: 22 (24) XL:     7   Next: 5%
Magic:  16/16      EV:  5    Int:  6 (8)  God:    Trog [***...]
Gold:   101        SH: 12    Dex:  6 (8)  Spells: 6/6 levels left

rFire    . . .     SeeInvis .   s - +0 war axe
rCold    . . .     Gourm    .   v - +0 large shield
rNeg     . . .     Faith    .   m - +1 robe
rPois    .         Spirit   .   (helmet restricted)
rElec    .         Reflect  .   q - +0 cloak (curse)
rCorr    .         Harm     .   (gloves unavailable)
MR       ++...                  (boots unavailable)
Stlth    +.........             (no amulet)
HPRegen  1.23/turn              n - ring of magical power
MPRegen  0.15/turn              (no ring)

@: regenerating
A: large, unfitting armour, tough skin 1
a: Berserk, Trog's Hand, Renounce Religion


You were on level 5 of the Dungeon.
You worshipped Trog.
Trog was most pleased with you.
You were not hungry.

You visited 1 branch of the dungeon, and saw 5 of its levels.

You collected 236 gold pieces.
You spent 135 gold pieces at shops.

Inventory:

Hand Weapons
 a - a +1 hand axe
 s - a +0 war axe (weapon)
 t - a +0 flail
 u - a +2 rapier of venom
 y - a +1 short sword of speed
 z - a +1 falchion of flaming
Armour
 b - a +0 animal skin
 m - a +1 robe (worn)
 q - a cursed +0 cloak (worn)
 v - a +0 large shield (worn)
Jewellery
 n - a ring of magical power (left hand)
Scrolls
 f - a scroll of enchant armour
 k - 2 scrolls of identify
 l - a scroll of enchant weapon
 o - a scroll of fog
 r - a scroll of remove curse
 w - a scroll of magic mapping
 x - 2 scrolls of amnesia {unknown}
 A - a scroll of immolation {unknown}
Potions
 d - a potion of degeneration
 e - a potion of curing
 g - 2 potions of lignification
 h - 2 potions of might
 i - 2 potions of heal wounds
 j - a potion of agility
 p - a potion of flight
Comestibles
 c - 6 rations


   Skills:
 * Level 7.0 Fighting
 * Level 5.3 Axes
 + Level 3.9 Dodging
 + Level 0.7 Shields


You had 6 spell levels left.
You didn't know any spells.
Your spell library was empty.

Dungeon Overview and Level Annotations

Branches:
Dungeon (5/15)
 Temple: D:4-7

Altars:
Dithmenos
Fedhas
Qazlal
Vehumet
The Shining One

Shops:
D:4 *[*[


Innate Abilities, Weirdness & Mutations

You are too large for most types of armour.
You have tough skin. (AC +1)


Message History

The iguana is heavily wounded.
You hit the worm. You hit the jackal zombie.
The centaur shoots an arrow.
The arrow hits you!
The jackal zombie bites you but does no damage.
The centaur shoots an arrow.
You block the arrow. The iguana bites you!
A worm comes into view.
The worm bites you!
* * * LOW HITPOINT WARNING * * *
The jackal zombie bites you.
* * * LOW HITPOINT WARNING * * *
The centaur shoots an arrow.
You block the arrow. The iguana bites you.
* * * LOW HITPOINT WARNING * * *
Your skin crawls.
You feel resistant to hostile enchantments.
You feel somewhat more hungry.
The jackal zombie bites you but does no damage.
The centaur shoots an arrow.
The arrow hits you!
* * * LOW HITPOINT WARNING * * *
You block the worm's attack. The iguana bites you!
You die...

.# ... #.. ....
#...# #...
#.#.##... #..#
.....#...##..#
............#
........##..#
#.......#..#####.##
......Z.(..<.......
#...rw@>#..####.##
.w....l†.#....#
##....c..###.....
##....... ......
#....?.## #.#..#
......... ....#
..#[...... ....#
###........


You could see a centaur, 2 worms, an iguana, a jackal zombie and a quokka.

Vanquished Creatures
  A phantom (D:4)
  A hound (D:4)
  2 orc priests (D:3)
  2 orc wizards (D:4)
  3 worker ants (D:4)
  2 adders (D:2)
  An ooze (D:2)
  3 worms (D:2)
  2 dart slugs
  4 leopard geckos
  18 orcs
  4 ball pythons
  8 giant cockroaches
  5 hobgoblins
  12 jackals
  3 quokkas
  5 bats
  3 frilled lizards
  6 goblins
  8 kobolds
  A leopard gecko skeleton (D:4)
  8 rats
102 creatures vanquished.

Notes
Turn   | Place    | Note
-------+----------+-------------------------------------------
     0 | D:1      | Kagorn the Ogre Berserker began the quest for the Orb.
     0 | D:1      | Reached XP level 1. HP: 24/24 MP: 1/1
   211 | D:1      | Reached XP level 2. HP: 28/32 MP: 2/2
   811 | D:1      | Reached XP level 3. HP: 39/40 MP: 3/3
  1593 | D:2      | Reached skill level 5 in Fighting
  1775 | D:2      | Found a glowing golden altar of the Shining One.
  1935 | D:2      | Reached XP level 4. HP: 50/50 MP: 4/4
  2081 | D:2      | Found a faded altar of an unknown god.
  2419 | D:3      | Reached ** piety under Trog
  2625 | D:3      | Reached XP level 5. HP: 31/57 MP: 5/5
  3170 | D:4      | Found a blossoming altar of Fedhas.
  3170 | D:4      | Noticed a phantom
  3176 | D:4      | Reached skill level 6 in Fighting
  3187 | D:4      | Found a stormy altar of Qazlal.
  3187 | D:4      | Found a radiant altar of Vehumet.
  3187 | D:4      | Found a shadowy altar of Dithmenos.
  3216 | D:4      | Reached XP level 6. HP: 28/67 MP: 6/6
  3222 | D:4      | Killed a phantom
  3222 | D:4      | Reached skill level 5 in Axes
  3518 | D:4      | Found Avvu's Antique Armour Shoppe.
  3548 | D:4      | Bought a large shield for 135 gold pieces
  3559 | D:4      | Found Soedd's Assorted Antiques.
  3822 | D:4      | Reached *** piety under Trog
  3835 | D:4      | Found Sosuazuf's Antique Armour Shop.
  3853 | D:4      | Reached skill level 7 in Fighting
  3853 | D:4      | Reached XP level 7. HP: 17/78 MP: 7/7
  4078 | D:4      | Found Goc Egg's Assorted Antiques.
  4125 | D:5      | Entered Level 5 of the Dungeon
  4133 | D:5      | Mangled by an iguana

Skill      XL: |  1  2  3  4  5  6 |
---------------+-------------------+-----
Dodging        | 3 |  3.9
Fighting       | 5 6 7 |  7.0
Axes           | 4 5 |  5.3
Shields        | |  0.7

Action                   |  1- 3 |  4- 6 |  7- 9 || total
-------------------------+-------+-------+-------++-------
Melee: Hand axe          |   105 |   105 |       ||   210
       Rapier            |       |    29 |       ||    29
       War axe           |       |    57 |     9 ||    66
Invok: Trog's Hand       |       |     1 |     1 ||     2
       Berserk           |       |     1 |       ||     1
  Use: Scroll            |     5 |     2 |       ||     7
       Potion            |       |       |     7 ||     7
 Stab: Sleeping          |     1 |       |       ||     1
  Eat: Ration            |     1 |     1 |       ||     2
       Chunk             |       |     5 |       ||     5
Armor: Animal skin       |    17 |       |       ||    17
       Robe              |     8 |    60 |     2 ||    70
Dodge: Dodged            |    52 |    91 |     2 ||   145
Block: Large shield      |       |    41 |     8 ||    49
